 Dungeon Crawl Stone Soup version 0.22.1-1-ga44c0e56f4 (webtiles) character file.

360 Morbidden the Grave Robber (level 6, -2/50 HPs)
             Began as a Deep Dwarf Necromancer on Oct 8, 2018.
             Succumbed to Blork the orc's poison
             ... on level 4 of the Dungeon.
             The game lasted 00:16:03 (3899 turns).

Morbidden the Grave Robber (Deep Dwarf Necromancer) Turns: 3899, Time: 00:16:04

Health: -2/50      AC:  3    Str: 19    XL:     6   Next: 38%
Magic:  2/10       EV: 13    Int: 15    God:
Gold:   193        SH:  0    Dex: 13    Spells: 7/11 levels left

rFire    . . .     SeeInvis .   s - +0 war axe
rCold    . . .     Gourm    .   (no shield)
rNeg     + . .     Faith    .   a - +1 robe
rPois    .         Spirit   .   (no helmet)
rElec    .         Reflect  .   (no cloak)
rCorr    .         Harm     .   (no gloves)
MR       .....                  (no boots)
Stlth    ++........             (no amulet)
HPRegen  0.00/turn              k - ring of positive energy
MPRegen  0.12/turn              (no ring)

@: mighty, lethally poisoned (-2 -> -20), non-regenerating
A: damage resistance, heal wounds, sense surroundings 1, no regeneration
a: Heal Wounds


You were on level 4 of the Dungeon.
You were not hungry.

You visited 1 branch of the dungeon, and saw 4 of its levels.
You also visited: Sewer.

You collected 193 gold pieces.

Inventory:

Hand Weapons
 s - a +0 war axe (weapon)
Armour
 a - a +1 robe (worn)
Jewellery
 k - a ring of positive energy (left hand)
 m - an uncursed amulet of faith
Scrolls
 b - 2 scrolls of fear {unknown}
 d - a scroll of enchant armour
 f - 3 scrolls of remove curse
 j - 2 scrolls of amnesia
 l - 3 scrolls of identify
 r - a scroll of enchant weapon {unknown}
 t - a scroll of noise {unknown}
Potions
 h - a potion of mutation {unknown}
 i - a potion of flight {unknown}
 n - a potion of haste {unknown}
 o - a potion of lignification {unknown}
 p - a potion of agility
Comestibles
 c - 4 rations


   Skills:
 + Level 0.4 Fighting
 * Level 0.5 Axes
 + Level 2.6 Dodging
 - Level 2.4 Stealth
 + Level 3.1 Spellcasting
 * Level 7.4 Necromancy


You had 7 spell levels left.
You knew the following spells:

 Your Spells              Type           Power        Failure   Level  Hunger
a - Pain                  Necr           ###.         1%          1    #......
b - Vampiric Draining     Necr           ###.......   2%          3    ###....

Your spell library contained the following spells:

 Spells                   Type           Power        Failure   Level  Hunger
 Animate Skeleton         Necr           N/A          1%          1    #......
 Animate Dead             Necr           N/A          10%         4    #####..
 Regeneration             Chrm/Necr      Unusable     N/A         3    N/A

Dungeon Overview and Level Annotations

Branches:
Dungeon (4/15)
 Temple: D:4-7

Altars:
Dithmenos
Qazlal
Vehumet
Xom

Annotations:
D:4 Blork the orc


Innate Abilities, Weirdness & Mutations

You are resistant to damage.
You can heal yourself by infusing magical energy.
You passively map a small area around you.
You do not regenerate.


Message History

Wield which item (- for none, * to show all)? (? for menu, Esc to quit)
Okay, then.
It was a potion of curing.
You feel better. Something barely misses you. x2
Something hits you but does no damage.
You are poisoned.
Unknown command.
You closely miss something.
You hear some strange, mumbled words.
A puff of flame appears from out of thin air!
The puff of flame hits you!
* * * LOW HITPOINT WARNING * * *
You closely miss something. Something hits you!
* * * LOW HITPOINT WARNING * * *
You are lethally poisoned!
Something hits you but does no damage.
You are more poisoned.
Unknown command.
It was a potion of might.
You feel very mighty all of a sudden.
You die...

, ...#, , + ,...# , * * *
#..##* * * #...# ,##'###
, ....#....# * #...#....#
, ######...#.{..#
#...#....#.@..######
.....#...#....#....#....#
.....#...#....#....'....#
.....#...#....#....#....#
>....+...#....'....#....#
.....###'######....######
<..................# , *
...................# ,
<..................# ,


There were no monsters in sight!

Vanquished Creatures
  Purgy (Sewer)
  A hound (D:4)
  A bullfrog skeleton (D:3)
  A worker ant (D:4)
  A river rat (D:3)
  4 adders
  4 gnolls
  An ooze (D:1)
  2 worms (D:3)
  6 dart slugs
  A leopard gecko (D:1)
  An orc (D:3)
  3 ball pythons (D:2)
  6 bats
  7 giant cockroaches
  11 goblins
  5 hobgoblins
  2 jackals (Sewer)
  A quokka (D:2)
  8 frilled lizards
  A jackal skeleton (D:4)
  9 kobolds
  9 rats
86 creatures vanquished.

Notes
Turn   | Place    | Note
-------+----------+-------------------------------------------
     0 | D:1      | Morbidden the Deep Dwarf Necromancer began the quest for
                  | the Orb.
     0 | D:1      | Reached XP level 1. HP: 15/15 MP: 3/3
   123 | D:1      | Reached XP level 2. HP: 11/22 MP: 1/4
   156 | D:1      | Reached skill level 5 in Necromancy
   342 | D:1      | Reached XP level 3. HP: 28/28 MP: 0/5
   374 | D:1      | Learned a level 3 spell: Vampiric Draining
  1257 | D:1      | Reached XP level 4. HP: 17/36 MP: 0/7
  1410 | D:2      | Reached skill level 6 in Necromancy
  2466 | D:3      | Found a glowing drain.
  2483 | D:3      | Reached XP level 5. HP: 41/42 MP: 1/8
  2569 | Sewer    | Entered a sewer
  2783 | Sewer    | Noticed Purgy
  2808 | Sewer    | Killed Purgy
  2808 | Sewer    | Reached skill level 7 in Necromancy
  2942 | D:3      | Found a shadowy altar of Dithmenos.
  3050 | D:3      | Found a shimmering altar of Xom.
  3215 | D:3      | Found a faded altar of an unknown god.
  3252 | D:3      | Found a radiant altar of Vehumet.
  3303 | D:3      | Reached XP level 6. HP: 26/49 MP: 0/10
  3416 | D:3      | Found a stormy altar of Qazlal.
  3884 | D:4      | Noticed Blork the orc
  3898 | D:4      | HP: 1/50 [something (12)]
  3899 | D:4      | Succumbed to Blork the orc's poison

Skill      XL: |  1  2  3  4  5 |
---------------+----------------+-----
Necromancy     | 5 6 7 |  7.4
Spellcasting   | 2 3 |  3.1
Fighting       | |  0.4
Axes           | |  0.5
Dodging        | |  2.6
Stealth        | |  2.4

Action                   |  1- 3 |  4- 6 || total
-------------------------+-------+-------++-------
Melee: Unarmed           |    67 |    45 ||   112
       War axe           |       |    22 ||    22
 Cast: Pain              |    62 |    50 ||   112
       Vampiric Draining |     2 |    28 ||    30
 Abil: Heal Wounds       |     1 |       ||     1
  Use: Scroll            |       |     6 ||     6
       Potion            |       |     3 ||     3
 Stab: Sleeping          |       |     3 ||     3
  Eat: Chunk             |     2 |    10 ||    12
       Ration            |       |     1 ||     1
Armor: Robe              |    18 |    25 ||    43
Dodge: Dodged            |    71 |    70 ||   141
